[Event "45th FIDE Olympiad 2024"]
[Site "Budapest"]
[Date "2024.09.19"]
[Round "8.87"]
[White "O'Gorman, Tom"]
[Black "Zhao, Zong-Yuan"]
[Result "1/2-1/2"]
[ECO "D02"]
[WhiteElo "2353"]
[BlackElo "2478"]
[Annotator "TA"]
[PlyCount "84"]
[EventDate "2024.09.05"]
[EventType "team-tourn"]
[EventCountry "HUN"]
[SourceTitle "playchess.com"]
[Source "ChessBase"]
[SourceQuality "1"]
[WhiteTeam "Ireland"]
[BlackTeam "Australia"]
[WhiteTeamCountry "IRL"]
[BlackTeamCountry "AUS"]
[TimeControl "40/5400+30:1800+30"]

1. d4 d5 2. c4 e6 3. Nc3 Nf6 4. Nf3 Be7 5. Bf4 O-O 6. e3 b6 7. Bd3 Bb7 8. O-O Nbd7 9. cxd5 exd5 10. Nb5 c5 11. Nd6 Bxd6 12. Bxd6 Re8 13. b3 Ne4 14. Bf4 Nf8 15. dxc5 bxc5 16. h3 Ng6 (16... Nc3 {keeps more tension.} 17. Qd2 d4 18. Ne5 Qd5) 17. Bh2 (17. Bxe4 $11 dxe4 18. Nh2 (18. Qxd8 Raxd8 19. Nh2 Nxf4 $15)) 17... Nc3 $15 18. Qc2 d4 {White must now prevent ...Bxf3.} 19. Nd2 Nh4 {Excellent horsemanship.} (19... dxe3 $17 {[%cal Od8g5] Hoping for ...Qg5!} 20. Qxc3 exd2 (20... Qg5 21. Ne4 $11)) 20. e4 $11 {[#]} f5 21. Rae1 Qg5 22. Bg3 Nxg2 23. Kxg2 f4 $1 24. Nb1 Nxb1 25. Qxb1 (25. Rxb1 {seems wilder.} h5 26. h4 Qg4 27. Rfe1) 25... fxg3 26. fxg3 Re5 27. Rf4 h5 28. Qc1 Rae8 29. Kh2 Kh7 30. Qd1 Qg6 31. Qf3 R8e7 32. Rf5 $2 {[%mdl 8192] [#]} (32. Qf1 $11) 32... Qh6 $2 (32... Qxf5 $1 $19 33. Qxf5+ Rxf5) 33. Rf4 Qg6 $2 (33... Ba6 $15) 34. Rf5 $19 Qh6 $2 (34... Qxf5 $1 $19 35. Qxf5+ Rxf5) 35. Rf8 h4 36. Rf4 {The position is equal.} hxg3+ 37. Qxg3 g5 {Prevents Rh4.} 38. Rf5 Rxf5 39. exf5 Rxe1 40. Qxe1 Qd6+ 41. Qg3 Qxg3+ 42. Kxg3 Kg7 {Weighted Error Value: White=0.30/Black=0.33.  Loses game:     	White=1     	---        Missed win:     	---       	Black=2      Mistake:       	White=1     	Black=2      Inaccurate:     	White=4     	---        OK:         	White=10    	Black=13     Best:        	White=3     	Black=1      Strong:       	---       	Black=1} 1/2-1/2

[Event "45th FIDE Olympiad 2024"]
[Site "Budapest"]
[Date "2024.09.19"]
[Round "8.87"]
[White "Wong, Kai Meng"]
[Black "Suk, Raj Monger"]
[Result "1-0"]
[WhiteElo "1795"]
[BlackElo "1821"]
[Annotator "COMBH"]
[PlyCount "61"]
[EventDate "2024.09.05"]
[EventType "team-tourn"]
[EventCountry "HUN"]
[WhiteTeam "Macau, China"]
[BlackTeam "Bhutan"]
[BlackTeamCountry "BTN"]
[TimeControl "40/5400+30:1800+30"]

1. d4 c5 2. e3 Nf6 3. c4 cxd4 4. exd4 d5 5. Nc3 e6 6. Bg5 Be7 7. Nf3 Nc6 8. Bd3 Qb6 9. cxd5 Nxd5 10. Nxd5 Qa5+ 11. Qd2 Qxd5 12. Bxe7 Kxe7 13. O-O h6 14. Rfe1 Rd8 15. Be4 Qd6 16. Bxc6 bxc6 17. Rac1 Bb7 18. Qc2 Kf8 19. Qh7 f6 20. Re4 Qe7 21. Rce1 Rd6 22. Nh4 Qd7 23. Ng6+ Kf7 24. Rf4 Rd5 25. Ne5+ Rxe5 26. dxe5 f5 27. Rxf5+ exf5 28. e6+ Qxe6 29. Rxe6 Kxe6 30. Qg6+ Kd5 31. Qf7+ 1-0

[Event "45th FIDE Olympiad 2024"]
[Site "Budapest"]
[Date "2024.09.19"]
[Round "8.88"]
[White "Smerdon, David C"]
[Black "Fitzsimons, David"]
[Result "1/2-1/2"]
[ECO "B22"]
[WhiteElo "2475"]
[BlackElo "2315"]
[Annotator "RC"]
[PlyCount "116"]
[EventDate "2024.09.05"]
[EventType "team-tourn"]
[EventCountry "HUN"]
[SourceTitle "playchess.com"]
[Source "ChessBase"]
[SourceQuality "1"]
[WhiteTeam "Australia"]
[BlackTeam "Ireland"]
[WhiteTeamCountry "AUS"]
[BlackTeamCountry "IRL"]
[TimeControl "40/5400+30:1800+30"]

1. e4 c5 2. c3 d5 3. exd5 Qxd5 4. d4 cxd4 5. cxd4 e5 6. Nf3 exd4 7. Qxd4 Nf6 8. Nc3 Qe6+ 9. Be3 Nc6 10. Qa4 Bb4 11. Bb5 O-O 12. O-O Bxc3 13. bxc3 Bd7 14. Rfe1 a6 15. Bf1 Ne5 16. Qf4 Nxf3+ 17. Qxf3 Bc6 18. Qg3 Qg4 19. Bd4 Qxg3 20. hxg3 Rfe8 21. f3 Rac8 22. Kf2 Rxe1 23. Kxe1 h5 24. Kd2 Ne8 25. Bd3 Rd8 26. Re1 Nd6 27. Rh1 Bd5 28. a4 Bb3 29. Rxh5 Bxa4 30. Rg5 Ne8 31. Be4 Rd7 32. g4 Bb3 33. f4 f6 34. Rc5 Nd6 35. Bd3 Ba4 36. g5 b6 37. Rc4 Bb5 38. Rb4 fxg5 39. fxg5 Bxd3 40. Kxd3 b5 41. Rb1 Nf7 42. g6 Ne5+ 43. Ke4 Nxg6 44. c4 Re7+ 45. Kf5 Nh4+ 46. Kg5 bxc4 47. Rb6 a5 48. g4 Ng2 49. Rc6 Kf7 50. Rxc4 Ne3 51. Bxe3 Rxe3 52. Rc5 a4 53. Ra5 a3 54. Ra7+ Kf8 55. Kg6 Re6+ 56. Kg5 Re3 57. Kg6 Re6+ 58. Kg5 Re3 1/2-1/2

[Event "45th FIDE Olympiad 2024"]
[Site "Budapest"]
[Date "2024.09.19"]
[Round "8.89"]
[White "Ziska, Helgi Dam"]
[Black "Pelletier, Yannick"]
[Result "1/2-1/2"]
[ECO "C07"]
[WhiteElo "2553"]
[BlackElo "2526"]
[Annotator "TA"]
[PlyCount "63"]
[EventDate "2024.09.05"]
[EventType "team-tourn"]
[EventCountry "HUN"]
[SourceTitle "playchess.com"]
[Source "ChessBase"]
[SourceQuality "1"]
[WhiteTeam "Faroe Islands"]
[BlackTeam "Switzerland"]
[WhiteTeamCountry "FAI"]
[BlackTeamCountry "SUI"]
[TimeControl "40/5400+30:1800+30"]

1. e4 e6 2. d4 d5 3. Nd2 c5 4. Ngf3 cxd4 5. Nxd4 Nf6 6. exd5 Nxd5 7. N2f3 Bb4+ 8. Bd2 Bc5 9. c3 O-O 10. Bc4 Nc6 11. Nxc6 bxc6 12. O-O Qb6 13. b4 Be7 14. Bd3 Ba6 15. c4 {[%cal Ob4b5] [#] Threatens to win with b5!} (15. Bxa6 {simplifies} Qxa6 16. Rc1 Rab8 17. a3) 15... Nxb4 16. Rb1 $1 {Black must now prevent Bxb4.} Nxd3 17. Rxb6 axb6 18. Qc2 Rfd8 19. Be3 c5 20. a3 Bb7 21. Qb3 Bxf3 22. gxf3 Ne5 23. f4 Nf3+ 24. Kg2 Nh4+ 25. Kg1 Nf3+ 26. Kg2 $1 Nh4+ 27. Kg1 {White is weak on the light squares} Rd6 28. a4 Nf3+ 29. Kg2 Nh4+ 30. Kg1 Nf3+ 31. Kg2 Nh4+ 32. Kg1 {Weighted Error Value: White=0.07 (flawless) /Black=0.10 (very precise) .  Inaccurate:     	White=2     	Black=1      OK:         	White=11    	Black=13     Best:        	White=2     	---        Strong:       	White=2     	---} 1/2-1/2

[Event "45th FIDE Olympiad 2024"]
[Site "Budapest"]
[Date "2024.09.19"]
[Round "8.90"]
[White "Peng, Li Min"]
[Black "Nielsen, Hogni Egilstoft"]
[Result "1/2-1/2"]
[ECO "E18"]
[WhiteElo "2514"]
[BlackElo "2379"]
[Annotator "TA"]
[PlyCount "63"]
[EventDate "2024.09.05"]
[EventType "team-tourn"]
[EventCountry "HUN"]
[SourceTitle "playchess.com"]
[Source "ChessBase"]
[SourceQuality "1"]
[WhiteTeam "Switzerland"]
[BlackTeam "Faroe Islands"]
[WhiteTeamCountry "SUI"]
[BlackTeamCountry "FAI"]
[TimeControl "40/5400+30:1800+30"]

1. d4 Nf6 2. c4 e6 3. g3 d5 4. Nf3 Be7 5. Bg2 O-O 6. Nc3 b6 7. cxd5 exd5 8. O-O Bb7 9. Bf4 a6 10. Rc1 Nbd7 11. Ne5 c5 12. Nxd7 Qxd7 13. Na4 Qb5 14. b3 {White is better.} Rac8 15. Bh3 c4 16. Bxc8 Rxc8 17. Rb1 {aiming for bxc4.} Qc6 {[#]} 18. b4 (18. bxc4 $1 $16 dxc4 19. e4) 18... Re8 19. Nc3 b5 20. a3 (20. Bg5 $1 $14) 20... Qe6 (20... Ne4 $11 {keeps the balance.} 21. Nxe4 dxe4) 21. f3 Nh5 {Hoping for ...Nxf4.} 22. Bc1 Qg6 {[%cal Oh5g3] Strongly threatening ...Nxg3!} 23. Rf2 Bd6 24. Rg2 Bc8 25. g4 $1 Nf6 {[#]} (25... Nf4 $1 $14 26. Bxf4 Bxf4) 26. Rb2 $1 $16 Bb7 27. Bd2 (27. Qc2 $16) 27... Nd7 $14 28. a4 (28. e3 $14) 28... Bc6 $11 29. axb5 axb5 30. Qa1 (30. f4 $11) 30... Qf6 $15 31. e3 Qxf3 {...Rxe3 would now be deadly.} 32. Rb1 {Weighted Error Value: White=0.23 (precise) /Black=0.23 (precise) .  Mistake:       	White=6     	Black=3      Inaccurate:     	White=2     	Black=1      OK:         	White=3     	Black=7      Best:        	White=1     	---        Strong:       	White=2     	---} ({White should try} 32. Qa6 $1 $15 Nb8 (32... Re6 33. Rb1 $15) 33. Qb6) 1/2-1/2

[Event "45th FIDE Olympiad 2024"]
[Site "Budapest"]
[Date "2024.09.19"]
[Round "8.91"]
[White "Egilstoft, Rogvi"]
[Black "Georgiadis, Nico"]
[Result "0-1"]
[ECO "B22"]
[WhiteElo "2278"]
[BlackElo "2510"]
[Annotator "TA"]
[PlyCount "86"]
[EventDate "2024.09.05"]
[EventType "team-tourn"]
[EventCountry "HUN"]
[SourceTitle "playchess.com"]
[Source "ChessBase"]
[SourceQuality "1"]
[WhiteTeam "Faroe Islands"]
[BlackTeam "Switzerland"]
[WhiteTeamCountry "FAI"]
[BlackTeamCountry "SUI"]
[TimeControl "40/5400+30:1800+30"]

1. e4 c5 2. c3 d5 3. exd5 Nf6 4. d4 Nxd5 5. Nf3 cxd4 6. Bc4 e6 7. Nxd4 Bc5 8. O-O {The position is equal.} O-O 9. Qf3 Nb6 10. Bd3 Bxd4 11. cxd4 Nc6 12. Rd1 f5 13. Nc3 Nxd4 14. Qg3 {[%cal Od3c2] aiming for Bc2!} Qf6 15. Bg5 Qf7 16. Be3 {A strong pair of Bishops.} Nc6 17. Bc5 Rd8 18. Bxb6 axb6 19. Bc4 Bd7 20. Qc7 Be8 21. Qxb6 {Threatening Re1.} Qe7 22. Re1 Bf7 23. Nd5 Qh4 24. Ne3 f4 25. Nf5 {This move loses the game for White.} Qf6 $19 (25... exf5 26. Bxf7+ Kxf7 27. Qxb7+ Ne7 28. a4) 26. Qxb7 {[#]} Na5 27. Ne7+ Kh8 28. Qb4 Nxc4 29. Nc6 (29. Qxc4 $142 Qxe7 30. Qxf4) 29... Rdc8 ({Resist} 29... Nxb2 30. Nxd8 Rxd8 31. Qb6 $19) 30. Qxc4 e5 ({Inferior is} 30... Qxb2 31. Qe4 $14 (31. Qxf4 Qf6 $17)) 31. Qe4 Rxc6 32. Rac1 Rac8 33. Rxc6 Rxc6 34. a4 (34. f3 {is a better defense.}) 34... h6 35. a5 (35. h3 {keeps fighting.}) 35... Rc4 36. Qa8+ Kh7 {[%cal Oe5e4] [#] Hoping for ...e4!} 37. b3 Rd4 38. Qc8 Bxb3 39. a6 Bd5 {And now ...Qg6 would win.} 40. a7 Qg6 41. g3 fxg3 {Black mates.} 42. fxg3 Rd2 43. Qd8 Qd3 {Weighted Error Value: White=0.59/Black=0.07 (flawless) .  Loses game:     	White=1     	---        Mistake:       	White=3     	---        Inaccurate:     	White=1     	Black=1      OK:         	White=13    	Black=23     Best:        	White=1     	Black=1} 0-1

[Event "45th FIDE Olympiad 2024"]
[Site "Budapest"]
[Date "2024.09.19"]
[Round "8.92"]
[White "Kurmann, Oliver"]
[Black "Apol, Luitjen Akselsson"]
[Result "0-1"]
[ECO "B95"]
[WhiteElo "2421"]
[BlackElo "2219"]
[Annotator "TA"]
[PlyCount "160"]
[EventDate "2024.09.05"]
[EventType "team-tourn"]
[EventCountry "HUN"]
[SourceTitle "playchess.com"]
[Source "ChessBase"]
[SourceQuality "1"]
[WhiteTeam "Switzerland"]
[BlackTeam "Faroe Islands"]
[WhiteTeamCountry "SUI"]
[BlackTeamCountry "FAI"]
[TimeControl "40/5400+30:1800+30"]

1. e4 c5 2. Nf3 d6 3. d4 cxd4 4. Nxd4 Nf6 5. Nc3 a6 6. Bg5 Nbd7 7. f3 e6 8. Qd2 h6 9. Be3 b5 10. a3 Bb7 {The position is equal.} 11. O-O-O Rc8 12. Kb1 d5 13. exd5 Bxd5 14. Bf4 Qb6 15. Re1 {And now Nxd5 would win.} Bb7 16. Nf5 b4 17. axb4 Bxb4 18. Nd6+ (18. Nxg7+ Kf8 19. Bxh6 Bxc3 20. Nxe6+ Ke7 21. Nc5+ Be5) 18... Ke7 19. Nxc8+ ({White should play} 19. Nc4 $11 Qc6 20. Rd1) 19... Rxc8 $15 20. Na4 Bxd2 21. Nxb6 Bxf4 22. Nxc8+ Bxc8 23. Rd1 Bb7 {[%mdl 1024] Black has compensation.} 24. Be2 Bc7 25. Rd3 Nc5 26. Ra3 a5 27. Bb5 Nd5 28. Re1 Kf6 29. g3 g5 30. Kc1 e5 (30... Bb6 $15 {feels stronger.}) 31. Kd2 Ne6 32. c3 Bb6 33. Bc4 Nec7 34. Rea1 Ne7 35. Rb3 Nc8 36. Be2 Bd5 {[#]} (36... Bc6 $11) 37. Rba3 ({Better is} 37. c4 $1 $16 Be6 38. Ke1) 37... Nd6 $11 38. b3 e4 39. fxe4 Nxe4+ 40. Kc2 Nc5 41. c4 Be4+ 42. Kc3 $1 Nb7 $36 {[%mdl 2048] Black fights for an advantage.} 43. Rf1+ Kg6 44. Bf3 f5 45. Raa1 (45. g4 $11 {remains equal.} Ne6 46. gxf5+ Kxf5 47. Bxe4+ Kxe4 48. Rf7) 45... Ne6 $17 46. Rad1 {Prevents Bd4+} Bc5 (46... Nbc5 $15) 47. g4 (47. Bxe4 $11 {keeps the balance.} Bb4+ 48. Kc2 fxe4 49. Rd5) 47... Bb4+ {A strong pair of Bishops.} 48. Kb2 Nbc5 {Black is more active.} 49. gxf5+ $1 Bxf5 50. Bh5+ Kxh5 51. Rxf5 Kg4 52. Rf6 h5 {Hoping for ...Kh3.} (52... Bc3+ 53. Kxc3 Ne4+ 54. Kb2 Nxf6 55. Ra1 $17) 53. Kc2 $2 ({White should try} 53. h4 $15) 53... Kh3 $19 54. Rf2 g4 55. Rf5 Kxh2 (55... h4 $142 56. Rf2 Ng5 (56... g3 $2 57. hxg3 hxg3 58. Rf6 $19)) 56. Rxh5+ Kg2 {White must now prevent ...g3.} 57. Rhh1 $2 {This move loses the game for White.} (57. Rh4 $17 g3 58. Rd5) 57... g3 {[%cal Oe6d4] ...Nd4+! is the strong threat.} 58. Rdg1+ Kf3 59. Rf1+ Kg4 60. Rh8 Ng5 (60... Nd4+ $2 61. Kb2 $19) 61. Rg8 Nce4 (61... g2 $2 62. Rg1 Nce4 63. Rxg2+ Kf4 64. Rd8 $18) 62. Kd3 Bc5 {Threatens to win with ...g2.} 63. Ra8 $2 (63. Re1 Kf3 (63... Nf2+ $2 64. Kc2 $19) 64. Ra8) 63... g2 64. Re1 Ng3 {aiming for ...Nf1.} (64... g1=R 65. Rxg1+ Bxg1 66. Rxa5 $17) 65. Rxa5 {[#]} (65. Rg8 $19) 65... Nf1 (65... g1=B 66. Re5 Nf3 (66... Bgf2 $2 67. Rexc5 Bxc5 68. Rxc5 $18) 67. Raxc5 $11 (67. Rexc5 Ne1+ 68. Kd2 Bxc5 $11)) (65... Nf3 $142 66. Rd1 Nf1 (66... g1=N $2 67. Rxc5 Nh3 68. Ke3 $18) (66... g1=B 67. Rb5 $11) (66... g1=R 67. Rxg1 Bxg1 68. c5 $17) 67. Rxc5 g1=Q (67... g1=R $2 68. Rc8 $18) 68. Rd5 Qe3+ 69. Kc2 Qe2+ 70. Kc3 Ne3 71. R1d3 Qe1+ (71... Nxd5+ $2 72. Rxd5 Qe3+ 73. Kb4 $19) (71... Qc2+ $2 72. Kb4 $19) 72. Kb2 Nxd5 73. Rxd5 Qe3 74. Rd7 Nd4 75. Rb7 Qf3 76. Rb8 Qf2+ 77. Kc3 Qe3+ (77... Qg3+ 78. Kxd4 Qxb8 79. Kc5 Qxb3 80. Kd4 Kf4 81. c5 Qd1+ 82. Kc4 Ke4 83. Kb5 Kd5 84. Kb6 Qb3+ 85. Kc7 Kxc5 86. Kd8 Kd6 87. Kc8 Qb5 88. Kd8 Qd7#) 78. Kb2 Qd2+ 79. Ka3 Qc1+ 80. Ka4 Qa1+ 81. Kb4 Nc6+ 82. Kc5 Nxb8 83. Kb6 Qc3 84. Kc7 Qxb3 85. Kc8 Kf5 (85... Qxc4+ 86. Kxb8 Qb5+ 87. Kc7 Kf5 88. Kc8 Kf6 89. Kc7 Ke7 90. Kc8 Kd6 91. Kd8 Qd7#) (85... Na6 86. Kd7 Qxc4 87. Ke7 Kf5 88. Ke8 Kf6 89. Kd8 Qc7+ 90. Ke8 Qe7#) 86. Kc7 Ke6 (86... Qxc4+ 87. Kxb8 Ke6 88. Kb7 Kd6 89. Kb6 Qb4+ 90. Ka6 Kc7 91. Ka7 Qb7#) (86... Na6+ 87. Kc6 Ke6 88. c5 Kf7 89. Kd7 Qe6+ 90. Kd8 Qe8#) 87. c5 Qb4 (87... Nd7 88. Kc6 Ke7 89. Kc7 Qb5 90. Kc8 Qc6#) 88. Kc8 Na6 89. Kd8 Qb8#) 66. Rxc5 g1=Q {( -> ...Qg3+)} (66... g1=R 67. Ree5 Nh3 68. Kc2 $16) 67. Ree5 Qg3+ {Black mates.} 68. Kc2 Qf2+ 69. Kc1 Qd2+ 70. Kb1 Qd3+ 71. Ka2 Nf3 72. Re8 Nd4 73. Rg8+ Kf3 74. Rf8+ Ke2 75. Rb8 Nd2 76. Re5+ Kd1 77. Rd5 Qc2+ 78. Ka3 Nb1+ 79. Kb4 Qxb3+ 80. Kc5 Qxb8 {Weighted Error Value: White=0.27 (precise) /Black=0.17 (very precise) .  Loses game:     	White=2     	---        Mistake:       	White=5     	Black=4      Inaccurate:     	White=2     	Black=4      OK:         	White=27    	Black=16     Best:        	White=4     	Black=8      Strong:       	White=2     	---} 0-1

[Event "45th FIDE Olympiad 2024"]
[Site "Budapest"]
[Date "2024.09.19"]
[Round "8.93"]
[White "Ashiku, Franc"]
[Black "Grandelius, Nils"]
[Result "0-1"]
[ECO "A43"]
[WhiteElo "2400"]
[BlackElo "2653"]
[Annotator "TA"]
[PlyCount "82"]
[EventDate "2024.09.05"]
[EventType "team-tourn"]
[EventCountry "HUN"]
[SourceTitle "playchess.com"]
[Source "ChessBase"]
[SourceQuality "1"]
[WhiteTeam "Albania"]
[BlackTeam "Sweden"]
[WhiteTeamCountry "ALB"]
[BlackTeamCountry "SWE"]
[TimeControl "40/5400+30:1800+30"]

1. d4 Nf6 2. Nf3 c5 3. d5 b5 4. e4 Nxe4 5. Bd3 Qa5+ 6. Nbd2 {[%mdl 1024] White has compensation.} Nf6 7. O-O $1 c4 8. Be4 {[%cal Oa2a4] White is slightly better.} d6 9. Nd4 g6 (9... Nbd7 {was preferrable.}) 10. Qf3 (10. Bf3 $11) 10... Bg7 (10... a6 $15 11. a4 Qb6 (11... bxa4 12. Qe2 $11)) 11. Ne6 $11 fxe6 12. dxe6 Bxe6 13. Bxa8 $14 d5 (13... O-O $14) 14. Qe2 (14. Re1 $16 Bf7 15. a4) 14... Bf7 {[#]} 15. Nf3 $1 {Strongly threatening Ng5.} O-O (15... Qa6 $1 $14) 16. Ng5 (16. Qxe7 $16 Ne4 17. a3) 16... Na6 (16... e6 $1 $11 {keeps the balance.}) 17. Bb7 $16 Nc5 18. Qxe7 b4 19. Be3 ({White should play} 19. Bc8) 19... Nxb7 (19... Nce4 $16) 20. Qxb7 $18 {[%cal Og5f7] Nxf7! is the strong threat.} d4 21. Nxf7 (21. Bxd4 Qxg5 22. Qxa7 Nd5 $19) 21... dxe3 22. Nd6 Qc5 (22... e2 $2 23. Rfe1 Qc5 24. Qe7 $18) (22... Qe5 $16 23. Qa6 (23. Qxb4 Nd5 $18) (23. Nxc4 exf2+ 24. Kh1 Qf4 $11) 23... e2) 23. Qe7 exf2+ 24. Kh1 $2 {[#]} ({White has to play} 24. Rxf2 $18 {Raf1 would now be deadly.} h5 (24... Qxf2+ $2 25. Kxf2 Nd5+ 26. Qxf8+ Kxf8 27. Nxc4 $18) 25. Nf5 Qxe7 26. Nxe7+ Kh7 27. Re1) 24... h5 $1 $11 25. Qe6+ Kh7 26. Ne4 Nxe4 27. Qxe4 Bxb2 28. Rad1 Rf5 {Against Rd5. Active counter play!} 29. g4 {White is weak on the dark squares} (29. Rd7+ $14 Bg7 30. g3) 29... hxg4 $15 30. Qxg4 Bf6 (30... Be5 $1 $15 31. Qh3+ Rh5 32. Qd7+ Kh8 (32... Bg7 33. Rd2 $15) 33. Qd8+ Kg7 34. Qd7+ Kf6) 31. Qe4 Kh6 32. Kg2 $2 (32. Rd7 $11) 32... Rg5+ 33. Kh1 Rf5 34. Kg2 a5 $2 $40 {[%mdl 128] Black has some attack.} ({Better is} 34... Re5 $19 35. Qf3 Rg5+ 36. Kh1 Bd4 37. Qh3+ Rh5) 35. Rd2 $2 (35. h4 $11) 35... Rg5+ $19 36. Kf3 Rf5+ 37. Kg2 Rg5+ (37... Re5 $142 38. Qf4+ Bg5) 38. Kf3 Re5 39. Qf4+ Bg5 40. Qd4 Rf5+ 41. Kg2 Qc6+ {What a bad dream for White.   Weighted Error Value: White=0.65/Black=0.70.  Loses game:     	White=2     	---        Missed win:     	White=1     	Black=1      Mistake:       	White=5     	Black=9      Inaccurate:     	White=2     	---        OK:         	White=9     	Black=8      Best:        	White=7     	Black=7      Strong:       	White=2     	Black=1} 0-1

[Event "45th FIDE Olympiad 2024"]
[Site "Budapest"]
[Date "2024.09.19"]
[Round "8.93"]
[White "Senglek, Khonsavanh"]
[Black "Houssein, Mohamed Bilal"]
[Result "0-1"]
[WhiteElo "1591"]
[BlackElo "1870"]
[PlyCount "50"]
[EventDate "2024.09.05"]
[EventType "team-tourn"]
[EventCountry "HUN"]
[WhiteTeam "Laos"]
[BlackTeam "Djibouti"]
[WhiteTeamCountry "LAO"]
[BlackTeamCountry "DJI"]
[TimeControl "40/5400+30:1800+30"]

1. e4 c5 2. a3 d6 3. b4 Nf6 4. Nc3 e6 5. Bb2 Be7 6. f4 O-O 7. d4 cxd4 8. Qxd4 Nc6 9. Qd1 e5 10. f5 d5 11. exd5 Nd4 12. Bd3 Nxd5 13. Qg4 Ne3 14. Qe4 Bg5 15. Nge2 Bxf5 16. Qxe5 Bxd3 17. Nxd4 Re8 18. Qxe8+ Qxe8 19. cxd3 Nc2+ 20. Kd1 Nxd4 21. Re1 Qd7 22. Rb1 Qg4+ 23. Ne2 Nxe2 24. Kc2 Rc8+ 25. Kb3 Qe6+ {0-} 0-1

[Event "45th FIDE Olympiad 2024"]
[Site "Budapest"]
[Date "2024.09.19"]
[Round "8.94"]
[White "Blomqvist, Erik"]
[Black "Pasko, Llambi"]
[Result "1-0"]
[ECO "C78"]
[WhiteElo "2491"]
[BlackElo "2396"]
[Annotator "TA"]
[PlyCount "83"]
[EventDate "2024.09.05"]
[EventType "team-tourn"]
[EventCountry "HUN"]
[SourceTitle "playchess.com"]
[Source "ChessBase"]
[SourceQuality "1"]
[WhiteTeam "Sweden"]
[BlackTeam "Albania"]
[WhiteTeamCountry "SWE"]
[BlackTeamCountry "ALB"]
[TimeControl "40/5400+30:1800+30"]

1. e4 e5 2. Nf3 Nc6 3. Bb5 a6 4. Ba4 Nf6 5. O-O b5 6. Bb3 Bc5 7. a4 Bb7 8. d3 O-O 9. Bg5 h6 10. Bh4 Be7 11. axb5 axb5 {White is slightly better.} 12. Rxa8 Bxa8 13. Na3 Qb8 14. c3 d6 15. Nc2 Bb7 16. Ne3 Bc8 17. Qa1 Nd8 18. d4 c6 19. Re1 Re8 20. Qb1 (20. dxe5 {is more complex.} Nxe4 21. Bxe7 Rxe7 22. Qa5) 20... g6 21. Bg3 Bf8 $1 22. h3 Bg7 23. Rd1 {Black must now prevent dxe5.} Nh5 24. Bh2 Ne6 25. Qa2 c5 26. dxc5 dxc5 27. Bd5 Qc7 {Prevents Bc6} (27... Nhf4 $11) 28. Qa8 Nef4 {[#]} (28... Bd7 $1 $14 29. Qb7 Re7) 29. Qc6 $1 $36 {[%mdl 2048] White is in control. White is more active.} Qe7 30. Qxb5 Rf8 31. Qb6 Kh7 (31... Be6 {was worth a try.} 32. Bc4 (32. Bxe6 fxe6 33. Ng4 Nxh3+ 34. Kf1 N3f4 $18) 32... Qf6) 32. Ra1 $18 Be6 (32... Qf6 $142 33. Qxf6 (33. Qxc5 Nxg2 34. Nxg2 Qxf3 $16) 33... Nxf6 34. Nxe5 N6xd5) 33. Ra7 Qf6 34. Bxe6 (34. Qxc5 Nxg2 35. Nxg2 (35. Kxg2 Bxh3+ 36. Kg1 Qxf3 $17) (35. Nxe5 Ngf4 $11) 35... Qxf3 $16) 34... Nxh3+ 35. Kf1 {[%cal Oa7f7] [#] And now Rxf7! would win.} N3f4 36. Ng4 ({Resist} 36. Bxf4 Nxf4 37. Qxc5 Nxe6 $18) 36... Qxe6 37. Qxe6 (37. Qxc5 $2 {too greedy.} Qxg4 38. Bg3 Rd8 $19 (38... Nxg3+ $2 39. fxg3 Qxg3 40. Qf2 $19)) 37... fxe6 (37... Nxe6 $142 38. Ngxe5 (38. Nfxe5 f5 $18) (38. Bxe5 Nhf4 $18) 38... Rd8) 38. Nfxe5 Rb8 $2 (38... g5 39. f3 Rd8 40. Bxf4 gxf4) 39. Bxf4 Nxf4 40. g3 (40. Nf6+ $142 Kh8 41. Nf7#) 40... Nh5 41. Nc4 Re8 42. Rc7 {Weighted Error Value: White=0.27 (precise) /Black=0.47.  Mistake:       	---       	Black=6      Inaccurate:     	White=2     	Black=2      OK:         	White=13    	Black=9      Best:        	White=2     	---        Strong:       	---       	Black=1} 1-0

[Event "45th FIDE Olympiad 2024"]
[Site "Budapest"]
[Date "2024.09.19"]
[Round "8.95"]
[White "Mehmeti, Dritan"]
[Black "Hillarp Persson, Tiger"]
[Result "0-1"]
[ECO "D94"]
[WhiteElo "2364"]
[BlackElo "2457"]
[Annotator "TA"]
[PlyCount "62"]
[EventDate "2024.09.05"]
[EventType "team-tourn"]
[EventCountry "HUN"]
[SourceTitle "playchess.com"]
[Source "ChessBase"]
[SourceQuality "1"]
[WhiteTeam "Albania"]
[BlackTeam "Sweden"]
[WhiteTeamCountry "ALB"]
[BlackTeamCountry "SWE"]
[TimeControl "40/5400+30:1800+30"]

1. d4 d5 2. Nf3 Nf6 3. e3 g6 4. c4 Bg7 5. Nc3 O-O 6. cxd5 Nxd5 7. Bc4 Nxc3 8. bxc3 c5 9. O-O Qc7 10. Qe2 Nc6 11. Rd1 b6 12. Bb2 Na5 13. Bd3 {The position is equal.} Bb7 14. Rac1 Rac8 15. Ba6 Bxa6 16. Qxa6 Rfd8 17. Qe2 Qc6 18. e4 (18. Qd3 $15) 18... Qa4 $17 19. Ba1 {[#]} Bh6 $1 {Black is more active.} 20. d5 $2 {White does not recover from this.} Bxc1 $19 21. Rxc1 Nc4 22. Rd1 (22. h3 $142) 22... e6 {Black is clearly winning.} 23. h4 exd5 24. exd5 Re8 25. Qd3 Rcd8 26. h5 Qxa2 27. Kf1 Qa4 28. hxg6 hxg6 29. g3 b5 30. Kg2 Qa2 31. Nd2 {[#]} Rxd5 $3 {[%mdl 512] Weighted Error Value: White=1.00/Black=0.27 (precise) .  Loses game:     	White=1     	---        Mistake:       	White=2     	---        Inaccurate:     	White=3     	---        OK:         	White=1     	Black=9      Best:        	---       	Black=3      Strong:       	---       	Black=1} 0-1